AoeStats
← Cinnamoroll

Arena

508146220Analyzed
4v4 RM · 11d ago on Sep 21, 2026· 41m 56s· 8 players
Game mode
Random Map
Map size
Large (8 player)
Population
200
Speed
Normal
Resources
Standard
Victory
Conquest
Starting age
Dark Age
Ending age
Imperial Age
RankedLock teamsTeams togetherTeam positionsShared explorationLock speedFull tech treeHidden civsTurbo modeCheats
Victory
Defeat
🇨🇱 Magyars · Chile
1708
+8
🇲🇽 Gurjaras · Mexico
1620
+11
🇲🇽 Huns · Mexico
1605
+12
🇲🇽 Koreans · Mexico
1587
+12
🇺🇸 Burmese · United States
1551
-12
🇨🇦 Vikings · Canada
1537
-12
🇨🇴 Malay · Colombia
1477
-10
🇲🇽 Lithuanians · Mexico
1475
-9
Cinnamoroll
12:05 Feudal Age
15:40 Castle Age
13:39 Double-Bit Axe
14:18 Horse Collar
16:10 Forging
17:06 Town Watch
20:59 Bow Saw
21:15 Heavy Plow
22:57 Loom
Seifer
8:24 Feudal Age
8:54 Double-Bit Axe
10:56 Loom
14:51 Castle Age
13:08 Horse Collar
15:46 Bow Saw
16:33 Light Cavalry
19:51 Wheelbarrow
20:52 Fervor
23:25 Hand Cart
22:55 Town Watch
25:07 Heavy Plow
25:51 Bloodlines
25:42 Husbandry
26:25 Gold Mining
31:05 Imperial Age
30:09 Scale Barding Armor
30:15 Forging
31:24 Chain Barding Armor
31:12 Cavalier
32:30 Iron Casting
32:58 Two-Man Saw
33:22 Plate Barding Armor
33:27 Paladin
35:44 Chemistry
38:39 Guilds
39:07 Winged Hussar
Chigüiro
12:21 Feudal Age
16:06 Castle Age
14:31 Double-Bit Axe
15:01 Horse Collar
18:33 Forging
20:24 Gold Mining
22:41 Pikeman
23:24 Squires
23:42 Pikeman
28:22 Loom
33:20 Imperial Age
32:52 Town Watch
33:11 Padded Archer Armor
32:52 Elite Skirmisher
34:27 Leather Archer Armor
35:07 Fletching
36:45 Ring Archer Armor
39:16 Wheelbarrow
39:09 Thumb Ring
39:08 Bodkin Arrow
41:00 Ballistics
41:09 Halberdier
42:34 Iron Casting
UBERstrats
11:43 Feudal Age
15:16 Castle Age
13:17 Horse Collar
16:44 Heavy Plow
19:16 Loom
19:47 Padded Archer Armor
22:10 Wheelbarrow
25:06 Husbandry
25:34 Town Watch
26:53 Bloodlines
28:06 Hand Cart
30:56 Stone Mining
32:14 Gold Mining
35:33 Imperial Age
35:36 Elite Arambai
39:14 Conscription
39:51 Scale Barding Armor
39:57 Forging
40:03 Fletching
40:18 Light Cavalry
VL Le_Manch
10:48 Feudal Age
15:12 Castle Age
13:23 Double-Bit Axe
14:27 Horse Collar
15:10 Loom
15:26 Gold Mining
16:33 Bow Saw
18:15 Wheelbarrow
17:54 Town Watch
25:03 Fletching
26:41 Ballistics
26:37 Bodkin Arrow
27:24 Ballistics
29:07 Heavy Plow
30:31 Stone Mining
31:52 Masonry
32:18 Fortified Wall
33:35 Scale Mail Armor
33:46 Squires
33:33 Arson
36:30 Imperial Age
34:58 Chain Mail Armor
34:45 Squires
35:24 Eupseong
35:44 Hand Cart
36:54 Forging
37:35 Conscription
38:26 Chemistry
37:36 Bracer
39:45 Plate Mail Armor
39:32 Elite Fire Lancer
39:58 Arson
41:26 Iron Casting
VL La Parca (Red Paladin)
10:54 Feudal Age
15:09 Castle Age
13:16 Horse Collar
13:53 Double-Bit Axe
14:44 Gold Mining
16:06 Bow Saw
16:40 Stone Mining
18:20 Heavy Plow
18:11 Loom
19:34 Scale Barding Armor
20:32 Forging
23:50 Chain Barding Armor
26:31 Wheelbarrow
27:11 Iron Casting
29:06 Hand Cart
33:54 Imperial Age
32:18 Bloodlines
32:30 Husbandry
32:38 Fletching
32:55 Thumb Ring
34:25 Bodkin Arrow
36:13 Conscription
36:45 Marauders
37:26 Ballistics
38:08 Chemistry
36:42 Elite Tarkan
38:36 Plate Barding Armor
38:18 Bracer
39:21 Blast Furnace
38:46 Town Watch
39:59 Parthian Tactics
39:19 Cavalier
41:45 Paladin
VL Bob
9:49 Feudal Age
12:32 Wheelbarrow
12:18 Double-Bit Axe
12:14 Horse Collar
14:54 Castle Age
15:03 Double-Bit Axe
16:35 Bow Saw
23:00 Hand Cart
29:00 Imperial Age
26:52 Loom
28:00 Scale Barding Armor
28:06 Forging
27:56 Town Watch
28:05 Gold Mining
28:16 Heavy Plow
28:47 Bloodlines
28:38 Husbandry
27:59 Light Cavalry
29:08 Heavy Camel Rider
30:31 Iron Casting
30:22 Conscription
30:39 Gold Shaft Mining
29:55 Stone Mining
30:37 Crop Rotation
31:23 Murder Holes
32:15 Town Patrol
32:44 Hussar
33:24 Treadmill Crane
34:48 Chemistry
34:14 Chain Barding Armor
35:23 Stone Shaft Mining
35:48 Plate Barding Armor
37:18 Guard Tower
37:50 Ballistics
38:25 Siege Elephant
VL LocoBayas
11:04 Feudal Age
15:28 Castle Age
13:35 Horse Collar
15:31 Light Cavalry
18:06 Double-Bit Axe
21:43 Wheelbarrow
23:40 Heavy Plow
24:40 Hand Cart
29:06 Imperial Age
27:50 Bow Saw
27:57 Fletching
28:21 Bloodlines
28:51 Ballistics
29:06 Thumb Ring
29:47 Bodkin Arrow
30:40 Parthian Tactics
30:14 Heavy Cavalry Archer
32:22 Loom
34:46 Chemistry
33:51 Siege Engineers
35:02 Crop Rotation
34:56 Padded Archer Armor
34:59 Bracer
35:49 Padded Archer Armor
36:56 Recurve Bow
38:15 Leather Archer Armor
38:21 Conscription
38:16 Husbandry
37:37 Hussar
40:06 Ring Archer Armor
41:44 Scale Barding Armor
Connection lost

Rejoining the realm…

Still unreachable

The connection could not be restored.

Session expired

The server has moved on; the page needs a fresh start.